 Dungeon Crawl Stone Soup version 0.24.1-4-ge52af88ad5 (webtiles) character file.

Game seed: 16643343732013596076, levelgen mode: deterministic

27 Descartes the Ducker (level 2, -1/14 HPs)
             Began as a Felid Monk on Apr 12, 2020.
             Slain by an adder (3 damage)
             ... on level 2 of the Dungeon.
             The game lasted 00:01:38 (911 turns).

Descartes the Ducker (Felid Monk)                    Turns: 911, Time: 00:01:38

Health: -1/14      AC:  1    Str:  7    XL:     2   Next: 93%
Magic:  3/3        EV: 20    Int: 11    God:
Gold:   78         SH:  0    Dex: 18    Spells: 1/1 levels left
                                        Lives:  0   Deaths: 0

rFire    . . .     SeeInvis +     - Unarmed
rCold    . . .     Gourm    .   (shield unavailable)
rNeg     . . .     Faith    .   (armour unavailable)
rPois    .         Spirit   .   (helmet unavailable)
rElec    .         Reflect  .   (cloak unavailable)
rCorr    .         Harm     .   (gloves unavailable)
MR       .....                  (boots unavailable)
Stlth    +++.......             (no amulet)
HPRegen  0.04/turn              (no ring)
MPRegen  0.08/turn              (no ring)

@: quick
A: very small, no armour, no weapons or thrown items, stealth, claws 1, fangs 3,
see invisible, carnivore, speed 1, shaggy fur 1, slow metabolism 1, sharp paws
a: no special abilities


You were on level 2 of the Dungeon.
You were completely stuffed.

You visited 1 branch of the dungeon, and saw 2 of its levels.

You collected 78 gold pieces.

Inventory:

Missiles
 k - 22 arrows
 l - 29 stones
Jewellery
 i - a cursed ring of teleportation {unknown}
Scrolls
 e - 2 scrolls of enchant weapon {unknown}
 f - 3 scrolls of teleportation {unknown}
 j - 3 scrolls of amnesia {unknown}
Potions
 b - 2 potions of mutation {unknown}
 c - 2 potions of curing {unknown}
 d - a potion of ambrosia {unknown}
 g - a potion of heal wounds {unknown}
Comestibles
 a - 6 rations
 h - a chunk of flesh


   Skills:
 + Level 3.2 Fighting
 + Level 4.3 Dodging
 * Level 3.5 Stealth
 * Level 3.3 Unarmed Combat


You had one spell level left.
You didn't know any spells.
Your spell library was empty.

Dungeon Overview and Level Annotations

Branches:
Dungeon (2/15)

Altars:


Innate Abilities, Weirdness & Mutations

You cannot wear armour.
You are incapable of wielding weapons or throwing items.
Your paws allow you to move quietly. (Stealth)
You have sharp claws.
You have razor-sharp teeth.
You have supernaturally acute eyesight. (SInv)
You are carnivorous and can eat meat at any time.
You cover ground quickly.
You are covered in fur. (AC +1)
You have a slow metabolism.
Your sharp claws are effective at attacking unaware monsters.


Message History

You miss the adder.
The adder is almost dead.
The adder misses you. The adder bites you but does no damage.
You barely miss the adder.
The adder is almost dead.
The adder closely misses you.
You closely miss the adder.
The adder is almost dead.
The adder bites you.
* * * LOW HITPOINT WARNING * * *
You closely miss the adder. Your bite misses the adder.
The adder is almost dead.
The adder barely misses you.
You scratch the adder but do no damage. You bite the adder.
The adder is almost dead.
The adder closely misses you. x2
You barely miss the adder.
The adder is almost dead.
The adder bites you.
You die...

#...##.#####w###.###.#.
#...##.#####.†.........
#...##.##.............#
#...##.##.###...)......
#........#..#...###.##
#...#####.#.#(.##
#...#####.#.#..#
#.........#.#..####.
#.#....@S............
#.#########.#..##.##.
#. #.#..# # #. #.#....
#.#..##. ...... #
#.##... ..# ...


You could see an adder.

Vanquished Creatures
  A dart slug (D:1)
  A leopard gecko (D:1)
  2 bats
  A giant cockroach (D:1)
  5 goblins
  4 hobgoblins
  2 kobolds
  4 rats (D:1)
20 creatures vanquished.

Notes
Turn   | Place    | Note
-------+----------+-------------------------------------------
     0 | D:1      | Descartes the Felid Monk began the quest for the Orb.
     0 | D:1      | Reached XP level 1. HP: 10/10 MP: 2/2
   466 | D:1      | Reached XP level 2. HP: 14/14 MP: 3/3
   911 | D:2      | Slain by an adder

Levels and vault maps discovered:
D:1:      ebering_hopf_link, layout_loops_ring, chequers_arboretum,
          minmay_close_crescents
D:2:      layout_loops_ring, minmay_indecisive_spiral

Skill      XL: |  1 |
---------------+----+-----
Stealth        | 3 |  3.5
Fighting       | |  3.2
Dodging        | |  4.3
Unarmed Combat | |  3.3

Action                   || total
-------------------------++-------
Melee: Unarmed           ||    59
       Bite              ||     4
 Stab: Sleeping          ||     8
  Eat: Chunk             ||     7
Armor: Skin              ||     2
Dodge: Dodged            ||    45
